 Dungeon Crawl Stone Soup version 0.28-a0-793-g31680bbd8b (webtiles) character file.

Game seed: 11948023107870254339

424 funkygono the Firebug (level 6, -2/34 HPs)
             Began as a Gargoyle Fire Elementalist on Nov 4, 2021.
             Slain by a wight (11 damage)
             ... on level 5 of the Dungeon.
             The game lasted 00:10:57 (5560 turns).

funkygono the Firebug (Gargoyle Fire Elementalist)  Turns: 5560, Time: 00:10:58

Health: -2/34      AC:  9    Str: 12    XL:     6   Next: 96%
Magic:  12/12      EV: 12    Int: 17    God:
Gold:   212        SH:  0    Dex: 10    Spells: 2/13 levels left

rFire   . . .      SeeInvis .   e - +2 morningstar (protect)
rCold   . . .      Faith    .   (no shield)
rNeg    + . .      Spirit   .   a - +0 robe
rPois   ∞          Reflect  .   r - +0 helmet
rElec   +          Harm     .   o - +1 cloak
rCorr   .          Rampage  .   (no gloves)
Will    .....                   (no boots)
Stlth   +.........              s - amulet of regeneration
HPRegen 1.11/turn               (no ring)
MPRegen 0.13/turn               (no ring)

@: confused, ambrosia-drunk
A: sickness immunity, AC +4, negative energy resistance 1, electricity
resistance, torment resistance 1, petrification resistance
a: no special abilities


You were on level 5 of the Dungeon.
You visited 1 branch of the dungeon, and saw 5 of its levels.

You collected 212 gold pieces.

Inventory:

Hand Weapons
 c - a +2 quarterstaff of chaos
 e - a +2 morningstar of protection (weapon)
 m - a +0 flail of venom
 p - a +0 mace of holy wrath
Missiles
 h - 124 stones
Armour
 a - a +0 robe (worn)
 d - a +3 scale mail
 o - a +1 cloak (worn)
 r - a +0 helmet (worn)
Jewellery
 s - an amulet of regeneration (around neck)
Potions
 b - 2 potions of curing
 f - a potion of haste
 i - a potion of ambrosia
 j - a potion of lignification
 n - a potion of magic {unknown}
 q - a potion of heal wounds {unknown}
 t - a potion of cancellation {unknown}
 u - 2 potions of might


   Skills:
 + Level 1.2 Fighting
 + Level 0.3 Maces & Flails
 * Level 1.6 Armour
 + Level 1.8 Dodging
 - Level 2.1 Stealth
 * Level 4.4 Spellcasting
 * Level 3.0 Conjurations
 * Level 4.8 Fire Magic


You had 2 spell levels left.
You knew the following spells:

 Your Spells              Type           Power      Damage    Failure   Level
a - Foxfire               Conj/Fire      68%        2x1d7     3%          1
b - Scorch                Fire           40%        2d7       3%          2
c - Conjure Flame         Conj/Fire      17%        6-21      9%          3
d - Flame Wave            Conj/Fire      17%        3d5       30%         4
e - Shock                 Conj/Air       32%        1d5       9%          1

Your spell library contained the following spells:

 Spells                   Type           Power      Damage    Failure   Level
 Freeze                   Ice            12%        1d4       16%         1
 Inner Flame              Hex/Fire       11%        N/A       17%         3
 Frozen Ramparts          Ice            6%         1d2       41%         3
 Hailstorm                Conj/Ice       8%         3d4       63%         4
 Airstrike                Air            1%         N/A       83%         4
 Chain Lightning          Conj/Air       4%         3d5       100%        9


Dungeon Overview and Level Annotations

Branches:
Dungeon (5/15)
 Temple: D:4-7

Altars:

Shops:
D:3 =

Annotations:
D:4 1 runed translucent door, HazelSkye's ghost, novice GrEE
D:5 Grinder; Ijyb


Innate Abilities, Weirdness & Mutations

You are immune to sickness and miasma.
Your stone body is resilient. (AC +4)
You are immune to poison.
You resist negative energy. (rN+)
You are resistant to electric shocks. (rElec)
You are resistant to unholy torment.
You are immune to petrification.


Message History

A wight comes into view. It is wielding a +0 great sword.
Grinder zaps a wand.
Some rock shatters into small pieces.
Unknown command.
Casting: Foxfire (safe; 3% risk of failure)
Confirm with . or Enter, or press ? or * to list all spells.
You conjure some foxfire!
The foxfire hits Ijyb.
Ijyb is almost dead.
The foxfire hits Ijyb but does no damage.
Ijyb is almost dead.
The foxfire hits Ijyb but does no damage.
Ijyb is almost dead.
The foxfire hits Ijyb but does no damage.
Ijyb is almost dead.
The foxfire hits Ijyb but does no damage.
Ijyb is almost dead.
A wight comes into view. It is wielding a +3 halberd.
Ijyb zaps a wand.
The mass of ice explodes!
The iceblast engulfs you!
You hear an angry growl.
Grinder says, "Tell me all your secrets, or I'll kill you."
Grinder gestures at you.
You suddenly lose the ability to move!
Grinder zaps a wand.
Some rock shatters into small pieces.
Ijyb zaps a wand.
The mass of ice explodes!
The iceblast engulfs you!
* * * LOW HITPOINT WARNING * * *
Grinder blinks!
Ijyb drinks a potion.
Ijyb seems to grow stronger.
Ijyb hits you with a +0 dagger.
* * * LOW HITPOINT WARNING * * *
You can move again.
You are confused.
You feel invigorated.
The wight hits you with a +0 great sword!
* * * LOW HITPOINT WARNING * * *
Grinder zaps a wand.
You hear a grinding noise.
Unknown command.
You miss Ijyb.
Ijyb is almost dead.
The wight closely misses you.
The wight hits you with a +0 great sword!
You die...

.##. .# #...8... ##...####.
....... .......#.. .......
..#..........## ......
....##.........#.....##
.............#>.##...#
#...........#.###...# #
#.....#..5zzg.##.<..# ##
..####...###..##@.##....#..##
.......8.......z#..#........#
...............###.††.......#
.##....8.......# #.#.......##
#.....#####...#####.....##
.....8.8# #...# #.....#
........+ #...# ....###
......z8# #..... #..##
##......# #...... ...#


You could see Grinder, Ijyb (strong) and 3 wights.

Vanquished Creatures
  A water moccasin (D:5)
  2 jellies
  Crazy Yiuf (D:2)
  2 orc wizards (D:3)
  A hound skeleton (D:4)
  A gnoll (D:3)
  5 adders
  3 dart slugs
  5 orcs
  4 bats
  10 endoplasms
  5 giant cockroaches
  14 hobgoblins
  5 jackals
  8 kobolds
  3 quokkas
  9 ball pythons
  6 frilled lizards
  12 goblins
  7 rats
104 creatures vanquished.

Vanquished Creatures (others)
  288 foxfires
288 creatures vanquished.

Grand Total: 392 creatures vanquished

Notes
Turn   | Place    | Note
-------+----------+-------------------------------------------
     0 | D:1      | funkygono the Gargoyle Fire Elementalist began the quest
                  | for the Orb.
     0 | D:1      | Reached XP level 1. HP: 10/10 MP: 3/3
   239 | D:1      | Reached XP level 2. HP: 15/15 MP: 1/5
   242 | D:1      | Learned a level 2 spell: Scorch
   457 | D:1      | Found a faded altar of an unknown god.
   602 | D:1      | Reached XP level 3. HP: 19/19 MP: 0/6
   606 | D:1      | Learned a level 3 spell: Conjure Flame
  1653 | D:2      | Found a runed translucent door.
  1654 | D:2      | Noticed Crazy Yiuf
  1818 | D:2      | Reached XP level 4. HP: 24/24 MP: 5/8
  2492 | D:2      | Killed Crazy Yiuf
  2985 | D:3      | Reached skill level 1 in Fighting
  2985 | D:3      | Reached XP level 5. HP: 29/29 MP: 5/10
  3615 | D:3      | Found Setats's Jewellery Shop.
  4411 | D:3      | Identified a scroll of acquirement
  4411 | D:3      | Acquired the Guide on Air
  4420 | D:3      | Learned a level 4 spell: Flame Wave
  4423 | D:3      | Learned a level 1 spell: Shock
  4497 | D:4      | Reached skill level 1 in Armour
  4513 | D:4      | Reached XP level 6. HP: 34/34 MP: 3/11
  5102 | D:4      | Found a runed translucent door.
  5104 | D:4      | Noticed HazelSkye's ghost (novice GrEE)
  5425 | D:5      | Entered Level 5 of the Dungeon
  5514 | D:5      | Noticed a water moccasin
  5527 | D:5      | Killed a water moccasin
  5534 | D:5      | Noticed Ijyb
  5536 | D:5      | Noticed Grinder
  5551 | D:5      | Paralysed by Grinder for 7 turns
  5560 | D:5      | Slain by a wight

Illustrated notes

Levels and vault maps discovered:
D:1:      dpeg_arrival_long_road, layout_loops_cross,
          shapermc_ecumenical_altar_starsandcircs
D:2:      layout_loops_ring, grunt_ministairs_4, uniq_crazy_yiuf_cottage
D:3:      minmay_chambers_of_twos, layout_basic, serial_shops,
          nicolae_shop_behind_doors, bh_walls_and_bars
D:4:      layout_basic, gammafunk_ghost_grave
D:5:      layout_cave_pools, gammafunk_temple_overflow_elements,
          serial_column_ruins, column_ruins_hut_pillars,
          column_ruins_temple_hall, column_ruins_grid_1,
          column_ruins_columns_straight, column_ruins_open_small_water,
          column_ruins_columns_corner, column_ruins_columns_straight,
          serial_shops, nicolae_lakefront_shop, nicolae_diamond_shop,
          uniq_pikel, uniq_ijyb, uniq_grinder

Skill      XL: |  1  2  3  4  5  6 |
---------------+-------------------+-----
Fire Magic     | 4 |  4.8
Spellcasting   | 3 4 |  4.4
Fighting       | 1 |  1.2
Conjurations   | 2 3 |  3.0
Armour         | 1 |  1.6
Maces & Flails | |  0.3
Dodging        | |  1.8
Stealth        | |  2.1

Action                   |  1- 3 |  4- 6 || total
-------------------------+-------+-------++-------
Melee: Unarmed           |     1 |       ||     1
       Club              |     1 |       ||     1
       Mace              |     1 |    43 ||    44
       Morningstar       |       |    10 ||    10
 Cast: Foxfire           |    57 |   118 ||   175
       Scorch            |     5 |     7 ||    12
  Use: Scroll            |       |    15 ||    15
       Potion            |       |     1 ||     1
Armor: Robe              |     2 |    12 ||    14
       Scale mail        |       |    21 ||    21
Dodge: Dodged            |     5 |    57 ||    62

Table legend: (Time is in decaauts)
 A = Elapsed time spent in this place.
 B = Non-inter-level travel time spent in this place.
 C = Inter-level travel time spent in this place.
 D = Time resting spent in this place.
 E = Time spent auto-exploring this place.
 F = Levels seen in this place.
 G = Mean time per level.
                   A        B        C        D        E       F      G
               +--------+--------+--------+--------+--------+-----+--------+
         Total |   5579 |   5407 |    172 |    699 |   3796 |   5 | 1115.8 |
       Dungeon |   5579 |   5407 |    172 |    699 |   3796 |   5 | 1115.8 |
               +--------+--------+--------+--------+--------+-----+--------+

Top non-repeatable levels by time:
     D:3: 1677 daAuts
     D:2: 1620 daAuts
     D:1: 1201 daAuts
     D:4: 939 daAuts
     D:5: 139 daAuts
